 Dungeon Crawl Stone Soup version 0.26-a0-1132-ge9770dfcb6 (webtiles) character file.

Game seed: 13653506980641488228

325 Froggeryz the Slicer (level 6, -7/39 (41) HPs)
             Began as a Halfling Fighter on Dec 20, 2020.
             Mangled by Sigmund
             ... wielding a +2 scythe of freezing
              (11 damage)
             ... on level 3 of the Dungeon.
             The game lasted 00:04:36 (3859 turns).

Froggeryz the Slicer (Halfling Fighter)             Turns: 3859, Time: 00:04:37

HP:   -7/39 (41)    AC:  6    Str: 19    XL:     6   Next: 78%
MP:   6/6           EV:  9    Int:  6    God:
Gold: 121           SH:  9    Dex: 14    Spells: 5/5 levels left

rFire    . . .     SeeInvis .   u - +0 long sword (drain)
rCold    . . .     Faith    .   c - +0 kite shield
rNeg     . . .     Spirit   .   b - +0 scale mail
rPois    .         Reflect  .   (no helmet)
rElec    .         Harm     .   (no cloak)
rCorr    .         Rampage  .   (no gloves)
Will     .....                  (no boots)
Stlth    ..........             (no amulet)
HPRegen  0.13/turn              (no ring)
MPRegen  0.10/turn              (no ring)

@: lightly drained
A: small, mutation resistance 1
a: no special abilities


You were on level 3 of the Dungeon.
You visited 1 branch of the dungeon, and saw 3 of its levels.

You collected 121 gold pieces.

Inventory:

Hand Weapons
 a - a +0 rapier
 i - a +0 dagger of holy wrath
 u - a +0 long sword of draining (weapon)
Armour
 b - a +0 scale mail (worn)
 c - a +0 kite shield (worn)
Wands
 m - a wand of acid (5)
Scrolls
 e - a scroll of amnesia {unknown}
 g - a scroll of noise {unknown}
 h - 6 scrolls of identify {unknown}
 k - 5 scrolls of remove curse {unknown}
 o - 2 scrolls of enchant armour {unknown}
 r - a scroll of blinking {unknown}
 s - a scroll of teleportation {unknown}
 t - a scroll of magic mapping {unknown}
Potions
 d - 2 potions of might
 f - a potion of resistance {unknown}
 j - 2 potions of lignification {unknown}
 l - a potion of ambrosia {unknown}
 n - a potion of attraction {unknown}
 p - 3 potions of heal wounds {unknown}
 q - 2 potions of curing {unknown}


   Skills:
 - Level 2.6 Fighting
 * Level 8.0 Short Blades
 - Level 3.2 Armour
 - Level 3.2 Shields


You had 5 spell levels left.
You didn't know any spells.
Your spell library contained the following spells:

 Spells                   Type           Power        Failure   Level
 Confusing Touch          Hex            0%           100%        3
 Gell's Gravitas          Tloc           0%           100%        3
 Petrify                  Tmut/Erth      0%           100%        4
 Metabolic Englaciation   Hex/Ice        0%           100%        5
 Yara's Violent Unravell  Hex/Tmut       0%           100%        5


Dungeon Overview and Level Annotations

Branches:
Dungeon (3/15)

Altars:
Trog

Annotations:
D:3 Natasha, Sigmund


Innate Abilities, Weirdness & Mutations

You are small and have problems with some larger weapons.
You are somewhat resistant to further mutation.


Message History

* * * LOW HITPOINT WARNING * * *
Sigmund freezes you.
* * * LOW HITPOINT WARNING * * *
You hit Sigmund.
Sigmund is severely wounded.
Sigmund casts a spell at you. The magic dart hits you.
* * * LOW HITPOINT WARNING * * *
Okay, then.
You closely miss Sigmund.
Sigmund is severely wounded.
Sigmund points at you and mumbles some strange words.
You resist with some effort.
You completely miss Sigmund.
Sigmund is severely wounded.
You block Sigmund's attack.
You hit Sigmund.
Sigmund is almost dead.
Sigmund hits you with a +2 scythe of freezing!
You die...

..###...###
..........########
.###.#..#.........
.# #>.....########
## #.####.#### ##.
# ...
#....#######....
... ####.##......#
#.......#
#....@...#
#.......#
###..@...#
#.......# ##.....#
#.......# #.....#
#.......# #.....#
#.......# #######
#.......#
#.<...h.#
#########


You could see Sigmund (drained).

Vanquished Creatures
  2 orc priests
  Terence (D:2)
  Jessica (D:3)
  Ijyb (D:3)
  2 orc wizards (D:2)
  Robin (D:2)
  An adder (D:3)
  A white imp (D:3)
  An ooze (D:2)
  3 worms
  2 dart slugs
  3 leopard geckos
  10 orcs
  8 bats
  4 giant cockroaches
  11 goblins
  12 hobgoblins
  7 kobolds
  4 frilled lizards
  12 rats
87 creatures vanquished.

Notes
Turn   | Place    | Note
-------+----------+-------------------------------------------
     0 | D:1      | Froggeryz the Halfling Fighter began the quest for the Orb.
     0 | D:1      | Reached XP level 1. HP: 15/15 MP: 1/1
    90 | D:1      | Reached skill level 3 in Short Blades
   111 | D:1      | Reached XP level 2. HP: 20/20 MP: 2/2
   534 | D:1      | Reached skill level 4 in Short Blades
   534 | D:1      | Reached XP level 3. HP: 24/25 MP: 3/3
   910 | D:2      | Reached skill level 5 in Short Blades
   910 | D:2      | Reached XP level 4. HP: 8/30 MP: 4/4
  1182 | D:2      | Found a bloodstained altar of Trog.
  1283 | D:2      | Noticed Terence
  1295 | D:2      | Killed Terence
  1537 | D:2      | Reached XP level 5. HP: 35/35 MP: 5/5
  1970 | D:2      | Reached skill level 6 in Short Blades
  2136 | D:3      | Noticed Natasha
  2137 | D:3      | Noticed Ijyb
  2144 | D:3      | Killed Ijyb
  2162 | D:3      | Noticed Robin
  2348 | D:2      | Killed Robin
  2557 | D:3      | Noticed Jessica
  2757 | D:2      | Reached skill level 7 in Short Blades
  2757 | D:2      | Reached XP level 6. HP: 27/41 MP: 6/6
  2887 | D:3      | Killed Jessica
  3574 | D:3      | Reached skill level 8 in Short Blades
  3842 | D:3      | Noticed Sigmund
  3859 | D:3      | Mangled by Sigmund

Illustrated notes

Levels and vault maps discovered:
D:1:      wander_arrival_abandoned_jail, layout_basic,
          ebering_dispersal_statue_hall
D:2:      layout_basic, general_overflow_altar, uniq_terence
D:3:      layout_rooms, serial_bayou_pond_d, uniq_natasha, uniq_ijyb,
          uniq_jessica, uniq_robin, uniq_sigmund

Skill      XL: |  1  2  3  4  5  6 |
---------------+-------------------+-----
Short Blades   | 3 4 5 7 8 |  8.0
Fighting       | |  2.6
Armour         | |  3.2
Shields        | |  3.2

Action                   |  1- 3 |  4- 6 || total
-------------------------+-------+-------++-------
Melee: Rapier            |    95 |   228 ||   323
       Long sword        |       |    17 ||    17
Armor: Scale mail        |    42 |    79 ||   121
Dodge: Dodged            |    38 |   115 ||   153
Block: Kite shield       |    41 |   132 ||   173
       Rpst.: Long sword |       |     1 ||     1

Table legend: (Time is in decaauts)
 A = Elapsed time spent in this place.
 B = Non-inter-level travel time spent in this place.
 C = Inter-level travel time spent in this place.
 D = Time resting spent in this place.
 E = Time spent auto-exploring this place.
 F = Levels seen in this place.
 G = Mean time per level.
                   A        B        C        D        E       F      G
               +--------+--------+--------+--------+--------+-----+--------+
         Total |   3875 |   3745 |    130 |   1368 |   1715 |   3 | 1291.7 |
       Dungeon |   3875 |   3745 |    130 |   1368 |   1715 |   3 | 1291.7 |
               +--------+--------+--------+--------+--------+-----+--------+

Top non-repeatable levels by time:
     D:2: 2370 daAuts
     D:1: 882 daAuts
     D:3: 621 daAuts
